 Dungeon Crawl Stone Soup version bcrawl-1.19.2-6-g6a88ae04c9 (webtiles) character file.

Game seed: 16547180104492414771

53 Anathary the Slasher (level 3, -1/33 HPs)
             Began as a Djinni Reaver on Dec 20, 2019.
             Was a Follower of Vehumet.
             Slain by a hobgoblin (2 damage)
             ... on level 2 of the Dungeon.
             The game lasted 00:05:42 (983 turns).

Anathary the Slasher (Djinni Reaver)                 Turns: 983, Time: 00:05:43

Health: -1/33      AC:  7    Str: 14    XL:     3   Next: 64%
Magic:  5/7        EV: 13    Int: 16    God:    Vehumet [*.....]
Gold:   45         SH:  0    Dex:  9    Spells: 7/8 levels left

rFire    . . .     SeeInvis .   a - +0 long sword
rCold    + . .     Gourm    .   (no shield)
rNeg     . . .     Faith    .   b - +0 steam dragon scales
rPois    +         Spirit   .   (no helmet)
rElec    .         Reflect  .   (no cloak)
rCorr    .         Harm     .   i - +1 pair of gloves
MR       .....     Rnd*Rage +   (boots unavailable)
Stlth    +.........             (no amulet)
HPRegen  0.11/turn              h - ring of protection from cold
MPRegen  0.10/turn              j - ring of poison resistance

@: lethally poisoned (-1 -> -7), flying
A: never pass out, berserk 2, blurry vision 2, wild magic 1, MP-powered wands,
floating
a: Renounce Religion


You were on level 2 of the Dungeon.
You worshipped Vehumet.
Vehumet was aware of your devotion.
You were not hungry.

You visited 1 branch of the dungeon, and saw 2 of its levels.

You collected 45 gold pieces.

Inventory:

Hand Weapons
 a - a +0 long sword (weapon)
Armour
 b - +0 steam dragon scales (worn)
 i - a +1 pair of gloves (worn)
Jewellery
 h - a ring of protection from cold (left hand)
 j - a ring of poison resistance (right hand)
Scrolls
 d - a scroll of immolation
 e - 4 scrolls of identify {unknown}
 g - a scroll of enchant armour {unknown}
 k - a scroll of teleportation {unknown}
 l - 3 scrolls of enchant weapon {unknown}
Potions
 c - a potion of haste
 m - a potion of curing {unknown}
Comestibles
 f - 4 rations {!d}


   Skills:
 + Level 3.8 Fighting
 + Level 4.0 Long Blades
 + Level 3.6 Dodging
 + Level 3.2 Spellcasting


You had 7 spell levels left.
You knew the following spells:

 Your Spells              Type           Power        Failure   Level  Hunger
a - Magic Dart            Conj           #...         7%          1    None

Your spell library contained the following spells:

 Spells                   Type           Power        Failure   Level  Hunger
 Iskenderun's Battlesphe  Conj/Chrm      #.......     80%         5    ######.


Dungeon Overview and Level Annotations

Branches:
Dungeon (2/12)

Altars:


Innate Abilities, Weirdness & Mutations

You never pass out after going berserk.
You often lose your temper in combat.
Scrolls take you longer to read.
Your spells are a little harder to cast, but a little more powerful.
You expend magic power (3 MP) to strengthen your wands.
Your body floats in the air.


Message History

You barely miss the orc priest.
* * * LOW HITPOINT WARNING * * *
You feel sick.
You hear a shout!
The orc barely misses you. The orc priest completely misses you.
The jackal closely misses you. The hobgoblin misses you.
The orc closely misses you.
You hit the orc priest.
The orc priest is lightly wounded.
* * * LOW HITPOINT WARNING * * *
You feel sick.
The jackal bites you but does no damage.
The orc priest mumbles some strange prayers to Beogh against you.
You barely resist. The hobgoblin barely misses you.
The jackal barely misses you. The orc closely misses you.
You slash the orc priest!
The orc priest is heavily wounded.
* * * LOW HITPOINT WARNING * * *
You feel sick. The hobgoblin hits you.
You die...

...#...<......†#..#
...^.......###...#
............##..##
...#.........#.##
##
#.......#...#######
#.......#.††......#
###..o....#.#####.#
##oooh###.###
#$#@g.##...##
#..#.#..###..##
#o##.....[##..# ..
##.##...##.## .o.
#........†(# o..?
####.....#.# .o...
##.#........ ####.#
#.#..####.. #.##..
.#


You could see an orc priest, an orc wizard, 2 orcs, a jackal and a hobgoblin.

Vanquished Creatures
  An ooze (D:2)
  2 worms (D:1)
  5 leopard geckos (D:1)
  3 giant cockroaches
  7 goblins (D:1)
  A hobgoblin (D:1)
  6 jackals
  A quokka (D:2)
  3 bats
  4 frilled lizards
  A kobold (D:1)
  A rat (D:1)
35 creatures vanquished.

Notes
Turn   | Place    | Note
-------+----------+-------------------------------------------
     0 | D:1      | Anathary the Djinni Reaver began the quest for the Orb.
     0 | D:1      | Reached XP level 1. HP: 19/19 MP: 4/4
    14 | D:1      | Reached XP level 2. HP: 26/26 MP: 6/6
   399 | D:1      | Reached * piety under Vehumet
   399 | D:1      | Offered knowledge of Magic Dart by Vehumet.
   409 | D:1      | Learned a level 1 spell: Magic Dart
   438 | D:1      | Reached XP level 3. HP: 33/33 MP: 3/7
   821 | D:2      | Reached skill level 4 in Long Blades
   983 | D:2      | HP: 1/33 [poisoned by an orc priest]
   983 | D:2      | Slain by a hobgoblin

Skill      XL: |  1  2  3 |
---------------+----------+-----
Long Blades    | 4 |  4.0
Fighting       | |  3.8
Dodging        | |  3.6
Spellcasting   | |  3.2

Action                   || total
-------------------------++-------
Melee: Long sword        ||   113
 Cast: Magic Dart        ||    38
Armor: Steam dragon scal ||    56
Dodge: Dodged            ||   135
